 Dungeon Crawl Stone Soup version 0.31.0-12-g77e489cdc1 (webtiles) character file.

Game seed: 6680576896501338352

1857 hawla the Carver (level 8, 0/66 HPs)
             Began as a Minotaur Fighter on Mar 1, 2024.
             Was a Follower of Yredelemnul.
             Killed from afar by an electric eel (14 damage)
             ... with a bolt of electricity
             ... on level 7 of the Dungeon.
             The game lasted 00:09:20 (5627 turns).

hawla the Carver (Minotaur Fighter)                 Turns: 5627, Time: 00:09:22

Health: 0/66       AC: 12    Str: 21    XL:     8   Next: 89%
Magic:  7/7        EV: 11    Int:  3    God:    Yredelemnul [*.....]
Gold:   145        SH:  7    Dex: 18    Spells: 7/7 levels left

rFire   . . .        a - +0 long sword
rCold   . . .        c - +1 buckler
rNeg    . . .        b - +0 scale mail
rPois   .            (helmet restricted)
rElec   .            (no cloak)
rCorr   .            q - +0 pair of gloves
SInv    .            (no boots)
Will    .....        l - amulet of the acrobat Stlth
                     o - +6 ring of dexterity
HPRegen 0.31/turn    u - +4 ring of protection
MPRegen 0.10/turn

%: acrobat
@: no status effects
A: horns 2, retaliatory headbutt, dopey 1, inability to read after injury 1
a: Renounce Religion, Recall Undead Harvest


You were on level 7 of the Dungeon.
You worshipped Yredelemnul.
Yredelemnul was noncommittal.
You visited 2 branches of the dungeon, and saw 8 of its levels.

You collected 320 gold pieces.
You spent 175 gold pieces at shops.

Inventory:

Hand Weapons
 a - a +0 long sword (weapon)
Missiles
 e - 2 poisoned darts
Armour
 b - a +0 scale mail (worn)
 c - a +1 buckler (worn)
 q - a +0 pair of gloves (worn)
Jewellery
 l - an amulet of the acrobat (around neck)
 o - a +6 ring of dexterity (left hand)
 u - a +4 ring of protection (right hand)
 v - a ring of fire
 x - a ring of protection from cold
Wands
 w - a wand of flame (49) (quivered)
 y - a wand of paralysis (8)
 A - a wand of quicksilver (8)
Scrolls
 m - 2 scrolls of butterflies
 p - a scroll of enchant weapon
 r - a scroll of blinking
 t - 3 scrolls of teleportation
Potions
 d - a potion of might
 f - 3 potions of brilliance
 g - a potion of haste {unknown}
 h - 2 potions of attraction {unknown}
 i - 2 potions of lignification {unknown}
 j - 2 potions of curing {unknown}
 k - a potion of magic {unknown}
 n - a potion of ambrosia {unknown}
 s - 3 potions of heal wounds {unknown}
 z - 2 potions of berserk rage {unknown}
 B - a potion of cancellation {unknown}
 D - a potion of mutation


   Skills:
 - Level 4.0 Fighting
 + Level 12.8 Long Blades
 - Level 3.6 Armour
 - Level 3.0 Dodging
 - Level 5.0 Shields


You had 7 spell levels left.
You didn't know any spells.
Your spell library was empty.

Dungeon Overview and Level Annotations

Branches:
Dungeon (7/15)             Temple (1/1) D:6

Altars:
Cheibriados
Dithmenos
Elyvilon
Fedhas
Gozag
Makhleb
Nemelex Xobeh
Okawaru
Qazlal
Ru
Sif Muna
Trog
Uskayaw
Wu Jian
Xom
Yredelemnul
Zin
The Shining One

Shops:
D:5 (?   D:7 =


Innate Abilities, Weirdness & Mutations

You have a pair of horns on your head.
You reflexively headbutt those who attack you in melee.
You are dopey. (Int -2)
You occasionally lose the ability to read scrolls when taking damage.


Message History

The bolt of electricity hits your bullfrog zombie!
A bolt of electricity appears from out of your range of vision.
The bolt of electricity misses your bullfrog zombie.
You start resting.
HP restored.
You swap places.
You swap places.
You see here a +0 falchion.
Found a battleaxe.
The electric eel shoots out a bolt of lightning at you!
The bolt of electricity hits you.
The electric eel shoots out a bolt of lightning at you!
The bolt of electricity hits you!
The electric eel shoots out a bolt of lightning at you!
The bolt of electricity hits your bullfrog zombie!
Your bullfrog zombie is destroyed!
The bolt of electricity hits you!
The electric eel shoots out a bolt of lightning at you!
The bolt of electricity misses you.
The bolt of electricity hits the plant!
The plant begins to die.
The bolt of electricity hits the plant!
The plant begins to die.
The electric eel shoots out a bolt of lightning at you!
The bolt of electricity hits you. x2
The bolt of electricity hits the electric eel.
The electric eel completely resists.
You barely miss the electric eel.
The electric eel shoots out a bolt of lightning at you!
The bolt of electricity hits you! x2
* * * LOW HITPOINT WARNING * * *
The bolt of electricity hits the electric eel.
The electric eel completely resists.
You closely miss the electric eel. Your headbutt misses the electric eel.
Your ice beast zombie hits the electric eel.
You hit the electric eel.
The electric eel is lightly wounded.
A nearby plant withers and dies.
The electric eel shoots out a bolt of lightning at you!
The bolt of electricity hits you!
You die...
Your body rises from the dead as a mindless zombie.

#..≈.≈..# #.#≈.≈#.###.
#..≈.≈P.....
#####..≈.≈..####
#.....#≈.≈#.#
#.###..≈.≈.P###########
#####.###..Z.≈...##...)...#
#.<.......#Z.≈#..##.#####.#
#.###.#####S@≈##.##.# #.#
#.# #.####≈≈.≈≈####.### #.#
# #.# #...#≈≈...≈≈#.....#
#.### #)#
#####≈⌠._(⌠≈###.#.###....
#.# #≈≈...≈≈# #.......###
#.# ##≈≈⌠≈≈## ###.##### #
####.#### ##≈≈≈## #.#
#.......# ####### #.#
##.......# ##.....##
#.#####


You could see an electric eel (ally target), a friendly iguana zombie and a
friendly ice beast zombie.

Vanquished Creatures
  Sigmund (D:3)
  2 black bears
  2 ice beasts
  An ogre (D:6)
  3 phantoms
  3 bullfrogs (D:7)
  3 bombardier beetles (D:5)
  An orc priest (D:4)
  A gnoll bouda (D:4)
  8 iguanas
  Natasha (thrice) (D:4)
  5 orc wizards
  7 gnolls (D:4)
  6 adders
  A white imp (D:5)
  2 ufetubi (D:5)
  A ribbon worm (D:2)
  3 dart slugs
  12 orcs
  8 bats
  6 endoplasms
  3 giant cockroaches
  13 goblins
  10 hobgoblins
  4 jackals (D:4)
  10 kobolds
  3 quokkas
  6 ball pythons
  2 frilled lizards
  3 rats (D:2)
133 creatures vanquished.

Vanquished Creatures (others)
  A bullfrog zombie (D:7)
1 creature vanquished.

Grand Total: 134 creatures vanquished

Notes
Turn   | Place    | Note
-------+----------+-------------------------------------------
     0 | D:1      | hawla the Minotaur Fighter began the quest for the Orb.
     0 | D:1      | Reached XP level 1. HP: 19/19 MP: 0/0
    94 | D:1      | Reached XP level 2. HP: 23/27 MP: 1/1
   156 | D:1      | Reached skill level 1 in Dodging
   539 | D:1      | Found a faded altar of an unknown god.
   602 | D:1      | Reached XP level 3. HP: 33/33 MP: 2/2
   932 | D:2      | Gained mutation: You occasionally lose the ability to read
                  | scrolls when taking damage. [potion of mutation]
   932 | D:2      | Gained mutation: You are dopey. (Int -2) [potion of
                  | mutation]
  1100 | D:2      | Found a burning altar of Makhleb.
  1367 | D:2      | Reached XP level 4. HP: 40/40 MP: 3/3
  1573 | D:2      | Reached skill level 5 in Shields
  2029 | D:3      | Found a bloodstained altar of Trog.
  2074 | D:3      | Noticed Sigmund
  2088 | D:3      | Killed Sigmund
  2089 | D:3      | Reached skill level 5 in Long Blades
  2089 | D:3      | Reached XP level 5. HP: 38/46 MP: 4/4
  2089 | D:3      | Reached XP level 6. HP: 43/52 MP: 5/5
  2449 | D:4      | Noticed Natasha
  2454 | D:4      | Killed Natasha
  2461 | D:4      | Reached skill level 6 in Long Blades
  2728 | D:4      | Reached skill level 7 in Long Blades
  2798 | D:4      | Noticed Natasha
  2806 | D:4      | Killed Natasha
  2899 | D:4      | Noticed Natasha
  2905 | D:4      | Reached XP level 7. HP: 54/59 MP: 6/6
  2909 | D:4      | Killed Natasha
  3011 | D:4      | Found a snail-covered altar of Cheibriados.
  3087 | D:4      | Reached skill level 8 in Long Blades
  3217 | D:4      | Paralysed by a gnoll for 4 turns
  3222 | D:4      | Paralysed by a gnoll for 4 turns
  3250 | D:4      | Paralysed by a gnoll for 3 turns
  3255 | D:4      | Reached skill level 9 in Long Blades
  3520 | D:5      | Entered Level 5 of the Dungeon
  3669 | D:5      | Found Monusip's Magic Scroll Shoppe.
  3673 | D:5      | Bought a scroll of blinking for 97 gold pieces
  3673 | D:5      | Bought a scroll of identify for 26 gold pieces
  3673 | D:5      | Bought a scroll of identify for 26 gold pieces
  3673 | D:5      | Bought a scroll of identify for 26 gold pieces
  3693 | D:5      | Reached skill level 10 in Long Blades
  3712 | D:5      | Reached XP level 8. HP: 46/66 MP: 7/7
  3953 | D:5      | Reached skill level 11 in Long Blades
  4043 | D:5      | Found Koxtepem's Weapon Boutique.
  4312 | D:5      | Identified the +3 flail of Valiance {venom, rF++ Str+6
                  | Int-5}
  4462 | D:6      | Found a staircase to the Ecumenical Temple.
  4546 | Temple   | Entered the Ecumenical Temple
  4574 | Temple   | Became a worshipper of Yredelemnul the Dark
  4760 | D:6      | Reached skill level 12 in Long Blades
  5087 | D:7      | Found Masiysag's Jewellery Shop.
  5314 | D:7      | Identified the +1 quarterstaff of Attainder {flame, rPois
                  | Int+6}
  5418 | D:7      | Found a white marble altar of Elyvilon.
  5444 | D:7      | Reached * piety under Yredelemnul
  5627 | D:7      | Killed from afar by an electric eel

Illustrated notes

Levels and vault maps discovered:
D:1:      lightli_arrival_farm, layout_loops_ring,
          shapermc_ecumenical_altar_pompeii, serial_rivers,
          chequers_serial_rivers_large_b, chequers_serial_rivers_micro_c,
          chequers_serial_rivers_large_a, chequers_serial_rivers_micro_c
D:2:      layout_basic, basic_altar
D:3:      layout_basic, trog_hazing_becter, uniq_sigmund
D:4:      layout_rooms, lemuel_coloured_pillars_altar, corexii_checkpoint,
          corner_web_ring, uniq_natasha
D:5:      layout_basic, serial_shops, nicolae_shop_tiny_waterfront, shop,
          amcnicky_mini_corridor_feature, grunt_ministairs_4
D:6:      layout_rooms, minmay_temple_entry_hall, serial_park_tiny_2
D:7:      layout_loops_corners, nicolae_elyvilon_temple_path, serial_shops,
          nicolae_shop_window_shopping, kennysheep_generic_room_12
Temple:   nicolae_temple_superstar

Skill      XL: |  1  2  3  4  5  6  7  8 |
---------------+-------------------------+-----
Dodging        | 1 2 3 |  3.0
Shields        | 4 5 |  5.0
Fighting       | 4 |  4.0
Long Blades    | 5 7 10 12 | 12.8
Armour         | |  3.6

Action                     |  1- 3 |  4- 6 |  7- 9 || total
---------------------------+-------+-------+-------++-------
  Melee: Long sword        |    91 |    89 |   171 ||   351
         Headbutt          |    13 |    10 |    37 ||    60
    Use: Scroll            |     2 |     1 |     6 ||     9
         Potion            |     1 |       |       ||     1
   Stab: Distracted        |       |       |     1 ||     1
 Armour: Scale mail        |    68 |    67 |   106 ||   241
  Dodge: Dodged            |    40 |    85 |    95 ||   220
  Block: Buckler           |    21 |    36 |    58 ||   115
